Map: Port Aleksander LE

Players

lIlIlIlIlIlI

  • Race: Terran Terran
  • League: Master
  • Spawn Location: 11:00

Lambo - Winner!

  • Race: Zerg Zerg
  • League: Grandmaster
  • Spawn Location: 5:00

VOD

Have the link to the VOD?

Description

Time

  • Played on: Jan. 12, 2019, 11:47 a.m.
  • Length: 17:08
Show
View Real Time Build Order
Export as new Build Order

lIlIlIlIlIlI Terran 

Build Orders: Gas First Reaper Expand, Liberator Opening 

Get SALT Encoding   

  12  0:01  SCV  
  13  0:13  SCV  
  14  0:18  Supply Depot  
  14  0:25  SCV  
  15  0:32  Refinery  
  15  0:40  SCV  
  16  0:46  Barracks  
  16  0:52  SCV  
  17  1:04  SCV  
  18  1:16  SCV  
  19  1:33  Reaper, Orbital Command  
  20  1:46  Command Center  
  20  1:57  Factory  
  20  2:00  SCV  
  21  2:10  Barracks Reactor  
  21  2:12  SCV  
  22  2:17  Supply Depot  
  22  2:18  Refinery  
  22  2:25  SCV  
  23  2:39  SCV  
  24  2:50  Starport  
  24  2:51  SCV, Hellion  
  25  2:52  Hellion  
  25  2:57  Orbital Command  
  29  2:58  Barracks Tech Lab  
  29  3:03  SCV  
  30  3:13  Hellion x2  
  30  3:15  SCV  
  35  3:24  SCV  
  36  3:27  SCV  
  37  3:35  Viking  
  37  3:37  SCV  
  37  3:39  SCV  
  41  3:42  Supply Depot  
  41  3:45  Hellion  
  41  3:47  Hellion  
  41  3:48  Liberator  
  45  3:51  SCV  
  46  4:04  SCV x2  
  51  4:12  Marine  
  51  4:15  Command Center  
  51  4:16  SCV  
  53  4:18  Supply Depot  
  53  4:19  SCV  
  54  4:34  Barracks  
  54  4:35  Factory Reactor  
  54  4:37  Barracks  
  54  4:39  SCV x2  
  54  4:41  Barracks Tech Lab  
  56  4:52  SCV x2  
  58  4:55  Engineering Bay x2  
  58  4:59  Starport Reactor  
  58  5:03  Marine, Stimpack  
  58  5:04  SCV x2  
  61  5:07  Refinery  
  61  5:08  Supply Depot  
  61  5:17  SCV  
  61  5:20  Refinery  
  62  5:26  SCV, Bunker, Orbital Command  
  63  5:30  Terran Infantry Armor Level 1, Terran Infantry Weapons Level 1  
  63  5:33  Bunker  
  63  5:38  Marauder, Siege Tank  
  63  5:39  Marine x3  
  63  5:41  Marine  
  72  5:47  SCV x2  
  74  5:55  Supply Depot, Medivac x2  
  78  5:58  Refinery  
  78  5:59  SCV  
  78  6:02  Supply Depot  
  78  6:03  SCV  
  80  6:07  Marine x3, SCV  
  80  6:08  Marine  
  85  6:17  SCV  
  85  6:18  Supply Depot  
  86  6:19  Orbital Command  
  86  6:20  Siege Tank  
  86  6:24  Barracks, SCV  
  86  6:25  Marine, Barracks  
  91  6:26  Marine  
  91  6:29  SCV  
  93  6:35  Supply Depot  
  93  6:36  SCV  
  93  6:37  Marine  
  93  6:38  Armory  
  95  6:41  SCV  
  95  6:42  Marine x2  
  98  6:48  SCV x2  
  98  6:52  Supply Depot  
  100  6:55  Marine  
  100  6:56  Marine x2  
  100  6:58  Medivac  
  100  7:00  Supply Depot  
  105  7:10  Marine x2  
  105  7:13  Siege Tank  
  105  7:14  SCV x2  
  105  7:15  SCV  
  113  7:19  Medivac  
  115  7:25  Combat Shield  
  115  7:26  Marine, Barracks Tech Lab x2  
  115  7:28  SCV x2, Medivac  
  115  7:29  Marauder  
  122  7:31  SCV  
  123  7:40  SCV  
  124  7:44  Refinery  
  124  7:45  Supply Depot  
  124  7:46  Marine  
  124  7:47  Marauder x2  
  124  7:49  Supply Depot  
  129  7:52  Terran Infantry Weapons Level 2  
  129  7:54  Terran Infantry Armor Level 2  
  129  7:56  Marine  
  130  8:02  Marine  
  131  8:10  Drilling Claws  
  131  8:12  Marine x5, Factory  
  136  8:13  Marine  
  136  8:19  Supply Depot  
  137  8:21  Supply Depot  
  124  8:28  Marine  
  124  8:29  Marine  
  124  8:30  Marauder x2  
  124  8:31  Marine x2  
  124  8:32  Marauder  
  134  8:38  Siege Tank  
  125  8:45  Marine  
  125  8:47  Marine  
  117  8:49  Marine x2  
  117  8:51  Marauder x2  
  117  8:53  Marauder, Medivac x2  
  129  8:57  Factory Tech Lab  
  118  9:03  Marine  
  118  9:05  Marine  
  118  9:07  Marine x2  
  122  9:12  Marine, Siege Tank  
  122  9:13  Marauder  
  122  9:14  Marauder  
  122  9:15  Command Center  
  130  9:17  Siege Tank  
  130  9:21  Marine  
  130  9:23  Marine, Medivac  
  137  9:25  Marine x2  
  137  9:31  Marauder, Medivac  
  141  9:32  Barracks  
  141  9:33  Barracks  
  141  9:34  Barracks, Marauder  
  141  9:35  Marine  
  146  9:39  Marine  
  146  9:41  Marine  
  146  9:42  Marine  
  146  9:43  Supply Depot  
  149  9:47  Missile Turret  
  149  9:49  Supply Depot  
  149  9:50  Supply Depot  
  149  9:52  Marauder  
  151  9:53  Marine  
  151  9:54  Marauder  
  151  9:56  Marauder  
  151  9:57  Marine  
  151  9:58  Marine  
  151  9:59  Siege Tank  
  161  10:00  Marine  
  161  10:03  Siege Tank  
  163  10:11  Marine  
  163  10:13  Marauder  
  166  10:14  Marine  
  166  10:15  Marauder  
  166  10:16  Marine  
  166  10:17  Marauder  
  166  10:18  Marine  
  160  10:29  Marine  
  160  10:31  Siege Tank  
  160  10:32  Marine  
  160  10:34  Marine  
  160  10:35  Marauder, Siege Tank  
  170  10:36  Marine, Marauder  
  170  10:38  Marauder  
  175  10:47  Marine  
  176  10:50  SCV x2  
  176  10:51  SCV  
  176  10:53  Marine x2  
  176  10:56  Refinery  
  181  10:58  Terran Infantry Weapons Level 3  
  181  11:03  Siege Tank  
  182  11:07  Marine x2, Marauder  
  182  11:08  Marine  
  182  11:09  Marauder, Siege Tank  
  182  11:11  Marine  
  154  11:20  Marine  
  154  11:24  Marine  
  123  11:26  Marine  
  123  11:27  Marauder  
  123  11:28  Marauder  
  123  11:29  Marine  
  123  11:30  SCV  
  123  11:31  SCV  
  123  11:32  Planetary Fortress  
  131  11:36  Marauder  
  131  11:38  Marine  
  131  11:39  Barracks Reactor  
  137  11:42  Marine  
  137  11:44  Barracks Reactor  
  137  11:47  Marine x2, Barracks Reactor  
  137  11:48  Marauder, Refinery  
  137  11:49  Marine  
  139  11:56  Marine x2  
  139  12:00  Marine, Terran Infantry Armor Level 3  
  142  12:05  Marine x2  
  142  12:07  Marine  
  138  12:09  Marine  
  138  12:10  Medivac x2  
  138  12:14  Marine  
  138  12:15  Marauder  
  137  12:18  Marine  
  137  12:19  Missile Turret x2  
  137  12:21  Missile Turret  
  138  12:23  Marine x4  
  138  12:24  Marine  
  143  12:33  Sensor Tower  
  143  12:35  Marine  
  144  12:37  Refinery  
  144  12:38  Marauder, Sensor Tower  
  144  12:39  Unknown x3, Medivac  
  144  12:40  Medivac  
  144  12:43  Unknown x3  
  150  12:46  Marine x4, Marauder  
  150  12:48  Ghost Academy  
  156  12:55  Thor  
  160  12:59  Marine, Marauder, Widow Mine x2  
  160  13:00  Marauder  
  169  13:12  Marine, Marauder  
  150  13:13  Marine, Marauder  
  150  13:17  Marine x2  
  155  13:20  Widow Mine x2  
  155  13:21  Marauder  
  161  13:28  Marine  
  161  13:29  Marine, Marauder  
  161  13:33  Marine, Marauder  
  161  13:34  Marine  
  169  13:35  Marauder  
  169  13:36  Marine  
  169  13:38  Thor  
  178  13:42  Marauder, Widow Mine x2  
  178  13:43  Unknown x2  
  178  13:45  Unknown  
  180  13:50  Marauder  
  167  13:59  Marine  
  167  14:00  Marauder  
  167  14:02  Marine, Marauder  
  164  14:03  Widow Mine  
  164  14:06  Widow Mine  
  164  14:07  Marine x2, Medivac x2  
  164  14:08  Marauder  
  159  14:10  Marine  
  159  14:12  Marauder  
  136  14:18  Marine x2  
  136  14:21  Marauder  
  136  14:22  Widow Mine  
  146  14:24  Marauder  
  146  14:29  Marine, Marauder  
  146  14:37  Medivac x2  
  149  14:40  Marine x2  
  149  14:41  Marauder  
  152  14:49  Marine, Marauder  
  147  14:54  Widow Mine x2  
  147  14:55  Widow Mine  
  147  14:56  Marine, Marauder  
  147  14:59  Unknown  
  156  15:07  Medivac x2  
  156  15:08  Marine  
  156  15:09  Marauder  
  156  15:10  Marine, Marauder  
  163  15:22  Marine  
  163  15:23  Marauder  
  163  15:24  Marine x2, Marauder, Widow Mine  
  170  15:33  Widow Mine x2  
  171  15:37  Marine, Marauder  
  155  15:45  Widow Mine  
  155  15:48  Marine  
  155  15:49  Marine x3, Marauder, Medivac x2  
  142  15:50  Marauder  
  142  15:53  Marauder  
  142  15:55  Widow Mine x2  
  145  16:03  Marine  
  124  16:04  Marauder  
  124  16:05  Marine  
  124  16:07  Marine  
  124  16:09  Marine  
  124  16:10  Marauder  
  118  16:13  Marine  
  116  16:18  Marine, Marauder  
  116  16:23  Marauder  
  110  16:28  Unknown  
  110  16:32  Unknown  
  107  16:39  Marine x2  
  102  16:40  Marauder, Widow Mine x2  
  82  17:01  Unknown x2  
Show
View Real Time Build Order
Export as new Build Order

Lambo Zerg - Winner!

Build Orders: Hatch First, Muta Ling Bane 

Get SALT Encoding   

  12  0:00  Drone  
  13  0:13  Overlord  
  13  0:17  Drone  
  14  0:32  Drone x2  
  16  0:49  Hatchery  
  15  0:53  Drone  
  15  0:56  Drone  
  17  1:00  Drone  
  18  1:10  Extractor  
  17  1:15  Spawning Pool  
  17  1:18  Drone  
  17  1:22  Drone  
  18  1:29  Drone  
  19  1:40  Drone  
  20  1:50  Overlord  
  20  2:01  Queen x2  
  20  2:03  Zergling x4  
  26  2:11  Metabolic Boost  
  26  2:17  Drone x2  
  28  2:29  Drone x2  
  30  2:39  Hatchery  
  29  2:48  Drone x2  
  29  2:49  Overlord  
  31  2:52  Drone  
  32  2:58  Queen  
  32  3:04  Drone x2  
  36  3:08  Drone  
  37  3:13  Drone x2  
  37  3:14  Drone  
  40  3:22  Drone  
  40  3:24  Drone  
  40  3:25  Drone  
  43  3:35  Drone  
  44  3:41  Overlord  
  44  3:43  Extractor  
  44  3:44  Queen  
  44  3:45  Extractor  
  46  3:58  Zergling x8  
  50  4:05  Queen  
  50  4:06  Drone x5  
  57  4:10  Roach Warren, Lair  
  57  4:12  Drone x2  
  57  4:14  Overlord  
  58  4:18  Overlord  
  57  4:28  Spore Crawler  
  57  4:29  Overlord, Drone  
  57  4:32  Spore Crawler, Drone  
  57  4:33  Drone  
  57  4:36  Overlord, Drone x2  
  60  4:38  Drone  
  60  4:40  Drone  
  60  4:42  Drone  
  63  4:46  Drone  
  64  4:54  Roach x4, Extractor  
  64  4:55  Extractor  
  70  5:00  Queen  
  70  5:01  Drone x5  
  77  5:08  Overlord  
  77  5:09  Drone x2  
  79  5:20  Overseer  
  79  5:22  Drone x2  
  79  5:25  Overlord  
  79  5:26  Spore Crawler  
  79  5:28  Spore Crawler, Drone  
  82  5:34  Drone x4  
  82  5:39  Drone x3  
  82  5:41  Evolution Chamber x2  
  81  5:45  Drone x2  
  81  5:46  Drone  
  82  5:51  Extractor  
  82  5:53  Extractor, Glial Reconstitution, Drone  
  82  5:54  Extractor  
  82  5:56  Overseer  
  80  5:57  Baneling Nest, Drone x3  
  80  5:59  Drone x3  
  80  6:01  Drone  
  80  6:03  Queen  
  88  6:08  Drone x2  
  88  6:11  Hatchery, Drone  
  90  6:13  Drone x3  
  90  6:17  Zerg Melee Weapons Level 1  
  93  6:20  Drone x3  
  93  6:24  Drone  
  97  6:28  Zerg Ground Armor Level 1  
  97  6:31  Overlord  
  97  6:36  Overlord  
  97  6:38  Overlord  
  97  6:49  Overlord  
  97  6:50  Overlord, Roach x2  
  97  6:51  Roach x2  
  105  6:55  Roach x3  
  105  6:58  Centrifical Hooks  
  105  6:59  Spire  
  110  7:06  Roach x3  
  116  7:10  Drone  
  116  7:13  Overlord  
  117  7:17  Roach x5  
  126  7:27  Ravager x3  
  126  7:28  Ravager, Zergling x14  
  136  7:32  Drone  
  136  7:35  Zergling x8  
  141  7:37  Queen  
  141  7:38  Hatchery  
  138  7:45  Zergling x8  
  142  7:58  Overlord x2  
  142  7:59  Overlord  
  142  8:01  Extractor  
  142  8:03  Overlord  
  139  8:06  Extractor  
  139  8:11  Mutalisk x4  
  146  8:13  Overlord  
  146  8:15  Zerg Melee Weapons Level 2  
  146  8:17  Overlord  
  146  8:22  Baneling x14  
  146  8:24  Roach  
  146  8:25  Roach x2  
  146  8:28  Roach, Zergling x4  
  146  8:31  Roach  
  151  8:37  Roach  
  145  8:46  Zergling x22  
  151  8:54  Mutalisk x3  
  154  9:02  Mutalisk x3  
  150  9:07  Drone x2  
  150  9:08  Drone  
  155  9:10  Overlord  
  155  9:14  Mutalisk  
  155  9:15  Mutalisk  
  157  9:18  Zerg Flyer Weapons Level 1  
  157  9:26  Mutalisk  
  157  9:29  Drone x3  
  157  9:30  Drone x3  
  165  9:31  Hatchery  
  165  9:37  Zerg Ground Armor Level 2  
  164  9:39  Drone x3  
  164  9:43  Zergling x10  
  172  9:49  Zergling x2  
  172  9:50  Zergling x6  
  172  9:52  Ravager  
  177  9:57  Ravager  
  177  9:59  Zergling x12  
  184  10:10  Zergling x16  
  179  10:31  Zergling x24  
  179  10:35  Hatchery  
  190  10:38  Baneling x40  
  190  10:44  Ravager  
  190  10:45  Zergling x4  
  190  10:49  Overlord  
  191  10:51  Overlord  
  191  10:52  Overseer  
  191  10:53  Pneumatized Carapace  
  191  10:56  Overlord  
  191  11:01  Infestation Pit  
  191  11:04  Zergling x8  
  191  11:08  Zergling x18  
  191  11:10  Zergling x2  
  191  11:11  Zergling x4  
  154  11:20  Zergling x12  
  151  11:32  Mutalisk x7  
  163  11:45  Mutalisk x3  
  168  11:50  Hatchery  
  168  11:51  Ravager x4  
  168  11:52  Ravager  
  173  11:54  Zergling x10  
  177  12:05  Zergling x14  
  183  12:14  Spine Crawler  
  181  12:15  Mutalisk, Hatchery  
  181  12:16  Mutalisk  
  181  12:18  Zergling x4  
  181  12:19  Ravager x2  
  188  12:26  Baneling x10  
  188  12:31  Baneling x6  
  188  12:33  Zergling x2  
  188  12:34  Zergling x2  
  188  12:35  Baneling x2  
  190  12:37  Baneling x2  
  190  12:44  Zergling x10  
  195  12:50  Zergling x8  
  199  12:54  Overlord  
  197  12:59  Zergling x4  
  174  13:13  Zergling x26  
  174  13:19  Hive  
  186  13:22  Baneling x9  
  186  13:32  Baneling x16  
  186  13:33  Zergling x4  
  188  13:37  Zergling x8  
  184  13:50  Zergling x26  
  188  13:59  Zergling x2  
  177  14:05  Zergling x12  
  177  14:14  Zergling x6  
  153  14:44  Ultralisk Cavern  
  147  14:53  Zergling x24  
  147  14:55  Baneling x12  
  158  15:01  Zergling x6, Baneling x20  
  161  15:08  Roach  
  161  15:09  Zergling x8  
  161  15:10  Baneling x4  
  166  15:15  Baneling x6  
  166  15:16  Hatchery  
  165  15:22  Hatchery  
  165  15:26  Zergling x18  
  172  15:31  Zergling x10  
  167  15:36  Zergling x2  
  167  15:37  Overseer x2  
  167  15:42  Zergling x4  
  158  15:45  Zergling x2  
  158  15:46  Zergling x6  
  140  15:51  Baneling x13  
  140  15:52  Zergling x2  
  138  15:58  Zergling x10  
  134  16:07  Zergling x6  
  130  16:14  Zergling x2  
  130  16:15  Zergling x4  
  127  16:22  Ultralisk, Zergling x4  
  131  16:26  Ultralisk, Zergling x4  
  133  16:33  Zergling x6  
Tags
 
Add a new tag
Caveats
  • Supply blocks, unpowered buildings, or Contaminate may cause inaccurate times.
  • Supply counts are checked every 10 seconds.